[Event "*** Titled Tuesday Blitz"]
[Site "Chess.com"]
[Date "2021.04.06"]
[Round "9"]
[White "IriBu"]
[Black "Trickov"]
[Result "1-0"]
[WhiteElo "2551"]
[BlackElo "2395"]
[TimeControl "180+1"]
[EndTime "11:47:01 PDT"]
[Termination "IriBu won on time"]

1. e4 c5 2. Be2 Nc6 3. f4 g6 4.
Nf3 Bg7 5. O-O d5 6. e5 Bg4 7. c3 e6 8. d3 Nge7 9. Be3 b6 10. d4 c4 11. Nbd2 O-O 12. h3 Bxf3 13. Nxf3 b5 14.
a3 a5 15. Bf2 b4 16. Bh4 Qb6 17. Bf6 Nf5 18. Qd2 Ng3 19. Rfd1 Ne4 20. Qe3 Nxf6 21.
exf6 Bxf6 22. Ne5 Bg7 23. Nd7 Qc7 24. Nxf8 Rxf8 25. axb4 axb4 26. g3 Qb6 27. Kg2 Rb8 28. Bf3 Na5 29. Ra4 bxc3 30. bxc3 Qb5 31. Rb4 Qe8 32.
Rdb1 Nb3 33. Rxb8 Qxb8 34. Bd1 h5 35. h4 Qa7 36. Bxb3 cxb3 37. Qe2 Qa4 38. Rb2 Qc4 39.
Qxc4 dxc4 40. Kf3 Kf8 41. Ke4 Ke7 42. Rb1 Kd6 43. Ra1 f5+ 44. Ke3 Bf8 45. Kd2 Kd5 46. Ke3 Kc6 47. Ra8 Bd6 48. Kd2 Kd5 49. Rd8 Kc6 50.
Kc1 Bc7 51. Rg8 Kd5 52. Rxg6 Ba5 53. Kb2 Ke4 54. d5 exd5 55. Ra6 Bc7 56. Re6+ Kd3 57. Ra6 Bd8 58. g4 fxg4 59. f5 g3 60. Rg6 1-0

[Event "*** Titled Tuesday Blitz"]
[Site "Chess.com"]
[Date "2021.04.06"]
[Round "9"]
[White "Sjakkerntobi"]
[Black "Gerodot71"]
[Result "0-1"]
[WhiteElo "2384"]
[BlackElo "2546"]
[TimeControl "180+1"]
[EndTime "11:47:04 PDT"]
[Termination "Gerodot71 won by resignation"]

1. e4 e5 2. Nf3 Nc6 3. Bb5 a6 4. Ba4 Nf6 5. O-O Be7 6. Re1 b5 7. Bb3 d6 8. a4 Rb8 9. d3 O-O 10. Nbd2 Na5 11. Ba2 c5 12. Nf1 Be6 13. axb5 Bxa2 14.
Rxa2 axb5 15. Ng3 Nc6 16. c3 Re8 17. h3 Qd7 18. Nf5 Bf8 19. Nh2 Ne7 20. Nxe7+ Qxe7 21. Qf3 Qe6 22. Bg5 Qxa2 23. Bxf6 gxf6 24. Ng4 Bg7 25. h4 Qe6 26. h5 h6 27. Ne3 f5 28. Nxf5 Qf6 29. Qh3 Kh8 30. Re3 Rg8 31. Rf3 Bf8 32.
Ne3 Qe6 33. Nf5 c4 34. Qh4 cxd3 35. Rxd3 Ra8 36. Kh2 Ra2 37. Rf3 Rxb2 38. Rd3 Rb3 39. Rd1 Rxc3 40. Ra1 b4 41. Ra8 b3 42. Rb8 Rc2 43. Ne3 Rc8 44. Rb7 Re8 45. Nd5 Be7 46. Nxe7 b2 47. Nd5 Rb8 48. Rxb2 Rxb2 49. Ne3 Rb4 50.
f3 Rd4 51. Nf5 Qxf5 52. exf5 Rxh4+ 53. Kg1 Rxh5 54. Kf2 Rxf5 55. Ke3 Rxg2 56. Ke4 Rf4+ 57. Kd5 e4 58. Kxd6 exf3 59. Ke5 f2 60. Kxf4 f1=Q+ 61. Ke5 Re2+ 62. Kd6 Qd1+ 0-1

[Event "*** Titled Tuesday Blitz"]
[Site "Chess.com"]
[Date "2021.04.06"]
[Round "9"]
[White "Angry_Twin"]
[Black "jefferyx"]
[Result "1/2-1/2"]
[WhiteElo "2898"]
[BlackElo "2977"]
[TimeControl "180+1"]
[EndTime "11:47:05 PDT"]
[Termination "Game drawn - insufficient material"]

1. e4 c5 2. Nf3 d6 3. Bb5+ Nd7 4.
O-O a6 5. Bd3 Ngf6 6. Re1 e6 7.
c3 b5 8. a4 c4 9. Bc2 Bb7 10. d4 cxd3 11. Qxd3 Nc5 12. Qe2 bxa4 13. Be3 Nfd7 14. Bd4 Qc7 15. Nbd2 Rb8 16. e5 Bxf3 17. Nxf3 Rxb2 18. exd6 Bxd6 19. Bxg7 Rg8 20. Bd4 Qc6 21. Kh1 Nb3 22. Be4 Rxe2 23. Bxc6 Rxe1+ 24. Rxe1 a3 25. Ba4 Nxd4 26. Nxd4 Rg5 27. g3 Ra5 28. Bb3 Rc5 29.
Re3 Be5 30. Ba2 Rc8 31. Nc2 Bd6 32. c4 Rb8 33. Rb3 Rxb3 34. Bxb3 Nc5 35. Ba2 Nd3 36. c5 Bxc5 37. Bc4 Nc1 38. Bxa6 a2 39. Bb5+ Ke7 40. Bc4 Bxf2 41. Kg2 Bb6 42. Kf3 Ba5 43. Ke3 Bc3 44. Bxa2 Nxa2 45. Ke4 f5+ 46. Kf3 h5 47. Ne3 Bd4 48. Ng2 e5 49. Nh4 Kf6 50.
Ke2 Nc3+ 51. Kd3 e4+ 52. Kxd4 Nd1 53. Ng2 Kg5 54. h3 Nf2 55. Nf4 h4 56. Ne2 Nxh3 57. gxh4+ Kxh4 58. Ke5 Kg4 59. Nd4 e3 60. Nxf5 e2 61.
Ne3+ Kf3 62. Nc2 Nf4 63. Nd4+ Kf2 64. Nxe2 1/2-1/2

[Event "*** Titled Tuesday Blitz"]
[Site "Chess.com"]
[Date "2021.04.06"]
[Round "9"]
[White "Legendinunknown"]
[Black "chessdiamant"]
[Result "1-0"]
[WhiteElo "2608"]
[BlackElo "2393"]
[TimeControl "180+1"]
[EndTime "11:47:06 PDT"]
[Termination "Legendinunknown won by checkmate"]

1. d4 Nf6 2. c4 g6 3. Nc3 Bg7 4. e4 d6 5. Nf3 O-O 6. Be2 Nbd7 7. Be3 e5 8. d5 Ng4 9. Qd2 Nxe3 10. Qxe3 a5 11. O-O-O Nc5 12. Nd2 f5 13. f3 a4 14. h4 h5 15. Rdg1 Kh7 16. g4 fxg4 17.
fxg4 Bh6 18. Qg3 Bf4 19. Qg2 hxg4 20. Bxg4 Bxg4 21. Qxg4 Qf6 22. Rf1 a3 23. b3 Bxd2+ 24. Kxd2 Qxf1 25. Rxf1 Rxf1 26. h5 Rf6 27. Qh4 Raf8 28.
b4 Rf2+ 29. Kd1 Rf1+ 30. Kd2 R8f2+ 31. Ne2 Na6 32. hxg6+ Kxg6 33. Qg4+ Kf7 34. Qd7+ Kf6 35. Qd8+ Kf7 36. b5 Nc5 37. Qxc7+ Kg8 38. Qd8+ Rf8 39. Qg5+ Kf7 40. Ng3 Ke8 41. Qh5+ R1f7 42. Nf1 Kd8 43. Ng3 Kc7 44. Ke3 Kb6 45. Qh6 Rf6 46. Qg7 R8f7 47.
Qg4 Ka5 48. Nf5 Kb4 49. Qe2 Nxe4 50. Kxe4 Rxf5 51. Qd2+ Kc5 52. Qe3+ Kb4 53. Qb3+ Kc5 54. Qxa3+ Kxc4 55. Qxd6 Kxb5 56. Qe6 R7f6 57. Qd7+ Kc5 58. Qc7+ Kb5 59. Qxb7+ Kc5 60. Qc7+ Kb5 61. d6 Rf4+ 62. Kd5 Rd4+ 63. Kxe5 Rdxd6 64. Qb7+ Rb6 65. Qd5+ Ka4 66. Qc4+ Rb4 67. Qc2+ Ka3 68. Kxf6 Rb2 69. Qc3+ Kxa2 70. Ke5 Rb3 71. Qa5+ Kb2 72. Kd4 Kc2 73. Qa2+ Rb2 74. Qc4+ Kd2 75. Qc3+ Kd1 76. Qxb2 Ke1 77. Ke3 Kf1 78.
Qf2# 1-0

[Event "*** Titled Tuesday Blitz"]
[Site "Chess.com"]
[Date "2021.04.06"]
[Round "9"]
[White "kirillshevchenko"]
[Black "Sam_ChessMood"]
[Result "1-0"]
[WhiteElo "2853"]
[BlackElo "2881"]
[TimeControl "180+1"]
[EndTime "11:47:07 PDT"]
[Termination "kirillshevchenko won by resignation"]

1. e4 e5 2. Nf3 Nf6 3. Nxe5 d6 4. Nf3 Nxe4 5. Nc3 Nf6 6. d4 Be7 7. Bd3 O-O 8. h3 Re8 9. O-O Nbd7 10. Re1 Nf8 11.
Bg5 c6 12. d5 Nxd5 13. Nxd5 cxd5 14. Bxe7 Rxe7 15. Qd2 h6 16. c3 Rxe1+ 17. Rxe1 Be6 18. Bc2 Qb6 19. Bb3 a5 20. Re2 Qc5 21. a3 Ng6 22.
Nd4 Bd7 23. Bc2 Nf8 24. Nb3 Qc6 25. Re1 b6 26. Nd4 Qc5 27. Rd1 Qc7 28. Ne2 Re8 29. Nf4 Bc6 30. Bb3 Ne6 31. Nxd5 Qd8 32. Ne3 Nc5 33. Bd5 Ba4 34. Rf1 Qg5 35. Qd4 Bb5 36. Rd1 a4 37. Bf3 Re6 38. Qd5 Qxd5 39. Bxd5 Re8 40.
Bf3 Bd3 41. Nd5 b5 42. Nf4 Bc4 43. Rxd6 Re1+ 44. Kh2 Rb1 45. Rc6 Nd3 46. Rc8+ Kh7 47. Be4+ g6 48. Bxd3 Rxb2 49. Bxc4 bxc4 50. Rxc4 Rxf2 51.
Rxa4 Rc2 52. Rc4 Ra2 53. Nd5 Rxa3 54. Rc7 Kg7 55. c4 Ra2 56. c5 Ra5 57. Ne3 Ra3 58. Ng4 Ra4 59. Ne5 Kf6 60. Nxf7 h5 61. Nd6 g5 62. c6 Rd4 63. Nb5 Rc4 64. Rc8 g4 65. hxg4 hxg4 66. c7 Kg7 67. Rd8 1-0

[Event "*** Titled Tuesday Blitz"]
[Site "Chess.com"]
[Date "2021.04.06"]
[Round "9"]
[White "federicosellitti"]
[Black "1977Ivan"]
[Result "1-0"]
[WhiteElo "2619"]
[BlackElo "2753"]
[TimeControl "180+1"]
[EndTime "11:47:07 PDT"]
[Termination "federicosellitti won on time"]

1. e4 c5 2. Nc3 Nc6 3. g3 g6 4.
Bg2 Bg7 5. d3 d6 6. Be3 Nh6 7. h3 f5 8. Qd2 Nf7 9. Nge2 Nd4 10.
O-O-O Qa5 11. Kb1 fxe4 12. dxe4 Nxe2 13. Nxe2 Qxd2 14. Bxd2 O-O 15. Bc3 Bd7 16. Bxg7 Kxg7 17. f4 Bc6 18. Nc3 Rae8 19. Rd2 b5 20. Rhd1 b4 21. Nd5 Bxd5 22. Rxd5 e5 23. c3 bxc3 24. bxc3 exf4 25. gxf4 Nh6 26. Rxd6 Rxf4 27. Rd7+ Nf7 28.
R1d2 Kh6 29. Rxa7 Ne5 30. Kc2 Nc4 31. Rdd7 Ne3+ 32. Kd3 Nxg2 33. Rxh7+ Kg5 34. Rae7 Rxe7 35. Rxe7 Rf3+ 36. Kc4 Rxh3 37. a4 Rh1 38. Kxc5 Ra1 39. Kb5 Ne3 40. c4 Kf4 41. Rg7 g5 42. e5 Nf5 43. Rg8 g4 44. e6 g3 45. a5 Ke5 46. e7 Rb1+ 47. Kc5 Nxe7 48. Rxg3 Ke6 49. Re3+ Kd7 50. a6 Nc6 51. Rh3 Nb4 52. Rh7+ Ke6 53. Rh6+ Ke5 54. a7 Nd3+ 55. Kc6 Ra1 56. Kb7 Rb1+ 57.
Rb6 Nc5+ 58. Kc6 Ra1 59. Kxc5 Rxa7 60. Kb5 Ra1 61. c5 Rc1 62. Kc6 Kd4 63. Rb5 Rc4 64.
Kb6 1-0

[Event "*** Titled Tuesday Blitz"]
[Site "Chess.com"]
[Date "2021.04.06"]
[Round "9"]
[White "Cuajada_Zero"]
[Black "annacramling"]
[Result "1-0"]
[WhiteElo "2317"]
[BlackElo "2088"]
[TimeControl "180+1"]
[EndTime "11:47:07 PDT"]
[Termination "Cuajada_Zero won by checkmate"]

1. d4 Nf6 2. Bg5 e6 3. e4 Be7 4. e5 Nd5 5. Bxe7 Nxe7 6. Qg4 O-O 7. Bd3 f5 8. exf6 Rxf6 9. Nf3 d6 10. Nbd2 e5 11. Qe4 Bf5 12. Qxb7 Nd7 13. Bxf5 Nxf5 14. dxe5 Nxe5 15. O-O Nxf3+ 16. Nxf3 Ne7 17. Rfe1 Ng6 18. Re4 Rxf3 19. gxf3 Ne5 20. f4 Ng4 21. Rae1 Rb8 22. Qxb8 Qxb8 23. Re8+ Qxe8 24. Rxe8+ Kf7 25. Ra8 Ke6 26.
Rxa7 Kd7 27. a4 Nf6 28. Kg2 Nd5 29. Kf3 Kc6 30. Ra8 Kb7 31. Rg8 g6 32. Rg7 Nf6 33.
Rf7 Nd5 34. Rxh7 Nb4 35. c3 Nd3 36. Rg7 Nxb2 37. Rxg6 Nxa4 38. h4 Nxc3 39. h5 Nd5 40. h6 Ne7 41. Rf6 Ng8 42. h7 Nxf6 43. h8=Q Nd5 44. Qb2+ Kc6 45. Qc2+ Kb5 46. Kg4 c5 47. f5 Nf6+ 48. Kg5 Nd7 49. f6 Ne5 50. Kf5 Nd7 51. Ke6 Nf8+ 52. Kf7 Nd7 53. Ke7 Ne5 54. f7 Nxf7 55.
Kxf7 d5 56. Ke6 d4 57. Kd5 d3 58. Qxc5+ Ka4 59. Qd4+ Kb3 60. Qxd3+ Kb2 61. Qc4 Ka1 62. Qb5 Ka2 63. Kc4 Ka3 64. Kc3 Ka2 65. Qb2# 1-0

[Event "*** Titled Tuesday Blitz"]
[Site "Chess.com"]
[Date "2021.04.06"]
[Round "9"]
[White "Kostya_Nikologorskiy"]
[Black "GigaQuparadze"]
[Result "1/2-1/2"]
[WhiteElo "2693"]
[BlackElo "2850"]
[TimeControl "180+1"]
[EndTime "11:47:08 PDT"]
[Termination "Game drawn by repetition"]

1. d4 Nf6 2. Bf4 e6 3. Nd2 c5 4.
e3 Nc6 5. c3 d5 6. Ngf3 Be7 7.
Bd3 Nh5 8. Be5 Nxe5 9. Nxe5 Nf6 10. O-O O-O 11. f4 Bd6 12. Qf3 b6 13. Qh3 a5 14.
Bc2 Bb7 15. Ndf3 Ne4 16. Ng5 h6 17. Nxe6 fxe6 18. Qxe6+ Kh7 19. Qg6+ Kh8 20. Nf7+ Rxf7 21.
Qxf7 Bc6 22. Rf3 Qf6 23. Qxf6 Nxf6 24. h3 Re8 25. Raf1 c4 26. g4 b5 27. g5 Ne4 28.
Bxe4 Rxe4 29. Kf2 Bd7 30. gxh6 gxh6 31. f5 Kg7 32. Rg1+ Kf7 33. Rg6 Bf8 34. Ra6 a4 35. Ra7 Ke8 36. f6 Re6 37. Rf5 Rd6 38. f7+ Ke7 39. Rf4 Rg6 40. e4 dxe4 41. Rxe4+ Kd6 42.
Ke3 Rf6 43. Rf4 Rxf4 44. Kxf4 Bxh3 45. Rb7 Bd7 46. d5 Ke7 47. Ke5 Bg7+ 48. Ke4 h5 49.
Kf4 h4 50. Kf3 h3 51. Kg3 Be5+ 52. Kf2 Bg7 53. Kg3 Bf8 54. Kf3 Bh6 55. Kg3 Bg7 56. Kf3 Kd6 57. Kg3 Bf8 58. Rb8 Ke7 59. Rb7 Bg7 60.
Kf3 Kd8 61. Rb8+ Ke7 62. Rb7 1/2-1/2

[Event "*** Titled Tuesday Blitz"]
[Site "Chess.com"]
[Date "2021.04.06"]
[Round "9"]
[White "SargissyanSargis"]
[Black "zajka-molotok"]
[Result "1-0"]
[WhiteElo "2392"]
[BlackElo "2511"]
[TimeControl "180+1"]
[EndTime "11:47:08 PDT"]
[Termination "SargissyanSargis won by checkmate"]

1. e4 d5 2. exd5 Qxd5 3. Nc3 Qd8 4. d4 Nf6 5. Nf3 g6 6. Bc4 Bg7 7. Ne5 O-O 8. O-O Nbd7 9. Re1 e6 10. Bf4 Nxe5 11.
Bxe5 Bd7 12. Qf3 Bc6 13. Qf4 Nd5 14. Nxd5 Bxe5 15. Rxe5 exd5 16. Bd3 Qd6 17. Qe3 Rae8 18. Re1 f6 19. Re6 Rxe6 20. Qxe6+ Qxe6 21. Rxe6 Kf7 22.
Re3 Re8 23. Rxe8 Bxe8 24. f4 h6 25. Kf2 g5 26. Kg3 Bd7 27. h4 b6 28. c3 Ke7 29.
Be2 Bf5 30. Bg4 Bb1 31. Bf3 Bxa2 32. Kg4 gxf4 33. Kh5 c6 34. Kxh6 Kf7 35. Bh5+ Ke7 36. Kg7 Bb1 37. Bg6 Bxg6 38. Kxg6 Kf8 39. Kxf6 a5 40. Ke6 Kg7 41. Kf5 c5 42. dxc5 bxc5 43. Kxf4 Kf6 44. g4 a4 45. g5+ Kg6 46. Ke5 d4 47. cxd4 c4 48. d5 c3 49. bxc3 a3 50. d6 a2 51. d7 a1=Q 52. d8=Q Qxc3+ 53. Qd4 Qg3+ 54. Qf4 Qc3+ 55. Qd4 Qg3+ 56. Ke6 Qe1+ 57.
Qe5 Qxh4 58. Qf6+ Kh7 59. g6+ Kg8 60. Qxh4 Kg7 61. Qh7+ Kf8 62. Qf7# 1-0

[Event "*** Titled Tuesday Blitz"]
[Site "Chess.com"]
[Date "2021.04.06"]
[Round "9"]
[White "Grandmaster1369"]
[Black "stepakyedael"]
[Result "1-0"]
[WhiteElo "2432"]
[BlackElo "2278"]
[TimeControl "180+1"]
[EndTime "11:47:10 PDT"]
[Termination "Grandmaster1369 won by checkmate"]

1. e4 c5 2. Nf3 e6 3. d3 a6 4. g3 Qc7 5. Bg2 b5 6. O-O Bb7 7. Re1 d6 8. c3 Nf6 9. Nbd2 e5 10. c4 Nbd7 11. Nf1 bxc4 12. dxc4 Be7 13. Bg5 O-O 14. Nh4 g6 15. Ne3 Nb6 16. Qd3 Rfd8 17. Rad1 a5 18. Bxf6 Bxf6 19. Nf3 a4 20. Nd2 Bg5 21. Nb1 Bxe3 22. Rxe3 Ba6 23. b3 Rab8 24.
Qc2 axb3 25. axb3 Bb7 26. Nc3 Bc6 27. f4 exf4 28. gxf4 Qe7 29. Rde1 Qh4 30. Rf1 Re8 31. Qe2 Nd7 32. Qd3 Re6 33. Bh3 Rf6 34. Bxd7 Bxd7 35.
Nd5 Re6 36. Rh3 Qg4+ 37. Rg3 Qh4 38. f5 Rxe4 39. Qxe4 Qxe4 40. Nf6+ Kf8 41. Nxe4 Bxf5 42. Nxd6 Be6 43. Re3 Ke7 44. Nxf7 Ra8 45. Ng5 Ra6 46.
Rfe1 Kf6 47. Rxe6+ Rxe6 48. Rxe6+ Kxg5 49. Rc6 Kf4 50.
Rxc5 g5 51. b4 h5 52. b5 h4 53. b6 g4 54. b7 g3 55. b8=Q+ Kf3 56. Qe5 g2 57. Rc6 Kg4 58. Qe4+ Kg5 59. Rg6+ Kh5 60. Qd3 h3 61. Qf5+ Kh4 62. Rh6# 1-0

[Event "*** Titled Tuesday Blitz"]
[Site "Chess.com"]
[Date "2021.04.06"]
[Round "9"]
[White "Jumbo"]
[Black "Genghis_K"]
[Result "0-1"]
[WhiteElo "2829"]
[BlackElo "2953"]
[TimeControl "180+1"]
[EndTime "11:47:11 PDT"]
[Termination "Genghis_K won by resignation"]

1. d4 Nf6 2. c4 g6 3. Nf3 Bg7 4.
g3 O-O 5. Bg2 d6 6. O-O c6 7. Nc3 Bf5 8. Ng5 e5 9. d5 a5 10. e4 Bg4 11. Qb3 Na6 12. Be3 Qc8 13. Rac1 h6 14. Nf3 Bh3 15. Bb6 Bxg2 16. Kxg2 Nd7 17.
Be3 Nac5 18. Qc2 f5 19. Rcd1 Qc7 20. exf5 gxf5 21. Nh4 e4 22. Qd2 Kh7 23. dxc6 Qxc6 24. Qxd6 Nd3 25. Qxc6 bxc6 26. Na4 Rab8 27. b3 N7e5 28. Bb6 Rf7 29. Bxa5 Nxc4 30. Bc3 Nce5 31. Rd2 f4 32. Rc2 Rd8 33. Bxe5 f3+ 34. Kg1 Nxe5 35.
Nc5 Rd4 36. Re1 Ng4 37. h3 Nf6 38. Nf5 Rd5 39. Nxg7 Kxg7 40. Rc4 Re7 41. g4 h5 42. g5 Rxg5+ 43. Kf1 Rge5 44. a4 Kh6 45. a5 Rg7 46. Nxe4 Nd5 47. a6 Re6 48. Ng3 Reg6 49. Re5 Ra7 50.
Rxh5+ Kg7 51. Ra4 Nc3 52. Nf5+ Kf6 53. Rf4 Rxa6 54. Ne3+ Kg7 55. Nf5+ Kf7 56. Nd4+ Kg8 57. Nxf3 Ra1+ 58. Ne1 Re6 59. Rg4+ Kf8 60. Rf5+ Ke7 61.
Rg7+ Kd6 62. Kg2 Rexe1 63. Rg6+ Kc7 64. Rf7+ Kb6 65. Rff6 Rg1+ 66. Kf3 Rxg6 67. Rxg6 Rb1 68. h4 Rxb3 69. h5 Nd5+ 70. Kg4 Rb2 71. h6 Rxf2 72.
h7 Rh2 0-1

[Event "*** Titled Tuesday Blitz"]
[Site "Chess.com"]
[Date "2021.04.06"]
[Round "9"]
[White "Chessmasterzt"]
[Black "Willhaven3"]
[Result "1-0"]
[WhiteElo "2605"]
[BlackElo "2504"]
[TimeControl "180+1"]
[EndTime "11:47:11 PDT"]
[Termination "Chessmasterzt won by resignation"]

1. d4 Nf6 2. Nf3 e6 3. c4 d5 4. g3 Be7 5. Bg2 O-O 6. O-O dxc4 7. Qc2 a6 8. a4 Bd7 9. Qxc4 Bc6 10. Bf4 Bd5 11. Qc1 Bd6 12. Nc3 a5 13. Re1 Bxf3 14. Bxf3 Bxf4 15. Qxf4 c6 16. Rad1 Qb6 17. Rd2 Na6 18. e4 Rad8 19. Red1 Nb4 20. h4 Rd7 21. g4 Rfd8 22. g5 Ne8 23. e5 Nd5 24. Bxd5 cxd5 25. h5 g6 26. Nb5 Ng7 27. h6 Nf5 28. Rc2 Re7 29. Rdc1 Red7 30. Qd2 Re7 31. Rc8 Ree8 32. R8c7 Re7 33. R1c5 Rxc7 34. Rxc7 Rf8 35. Qc3 Qa6 36.
Qc5 Qa8 37. Qb6 Qd8 38. f4 Nxh6 39. Rxb7 Qxb6 40. Rxb6 Nf5 41. Rc6 Rb8 42. Kf2 h6 43. gxh6 Nxh6 44. Ke2 Nf5 45. Kd3 Kg7 46. Rc7 Rh8 47.
Ra7 Rh3+ 48. Kc2 Ne3+ 49. Kb1 Nc4 50. Nd6 Rh1+ 51. Ka2 Rh2 52. Nxc4 dxc4 53. Rc7 Rf2 54. Rxc4 Rxf4 55. b4 axb4 56. a5 Rf3 57. Rxb4 Rg3 58. a6 Rh3 59. a7 Rh2+ 60. Rb2 Rh8 61. Rb8 Rh2+ 62. Kb3 Rh3+ 63. Kb4 Rh1 64. a8=Q Rb1+ 65. Kc3 Rc1+ 66. Kd2 1-0

[Event "*** Titled Tuesday Blitz"]
[Site "Chess.com"]
[Date "2021.04.06"]
[Round "9"]
[White "UCantHandleDenker"]
[Black "steka121"]
[Result "0-1"]
[WhiteElo "2591"]
[BlackElo "2379"]
[TimeControl "180+1"]
[EndTime "11:47:12 PDT"]
[Termination "steka121 won by resignation"]

1. Nf3 e6 2. d3 Nf6 3. g3 b5 4. Bg2 Bb7 5. O-O Be7 6. Nbd2 O-O 7. e4 d6 8. Re1 c5 9. a4 a6 10. c3 Nc6 11. Qb3 Qc7 12. axb5 Na5 13. Qc2 axb5 14. Nf1 c4 15. N3d2 cxd3 16. Qxd3 Nc4 17. Rxa8 Rxa8 18. b3 Nxd2 19. Bxd2 Bc6 20. Bf4 Nd7 21. Rd1 Ne5 22. Qc2 Qa7 23. Be3 Qa2 24. Qxa2 Rxa2 25. h3 g5 26. f4 gxf4 27. gxf4 Ng6 28. Rd2 Ra1 29. Kf2 Bh4+ 30. Ke2 e5 31. f5 Nf4+ 32. Bxf4 exf4 33.
Kf3 Rc1 34. Rxd6 Rxc3+ 35. Kg4 Be7 36. Rd1 f6 37. Kxf4 Rxb3 38. Ne3 b4 39. Nd5 Bxd5 40. Rxd5 Rb2 41. Bf3 b3 42. e5 fxe5+ 43. Kxe5 Rf2 44. Be4 b2 45. Rb5 Kf7 46. Bd5+ Kg7 47. Rb7 Kf8 48. Be4 Bc5 49. Ke6 Re2 50. Rb8+ Kg7 51. f6+ Kh6 52. Kd5 Bd4 53. f7 Bg7 54. f8=Q Bxf8 55. Rxf8 Rxe4 56. Rf6+ Kg5 57. Rb6 Re2 58. Kd4 h5 59.
Kc3 Rh2 60. Rxb2 Rxb2 61. Kxb2 Kh4 62. Kc1 Kxh3 63. Kd1 Kg2 0-1

[Event "*** Titled Tuesday Blitz"]
[Site "Chess.com"]
[Date "2021.04.06"]
[Round "9"]
[White "GrigoriyM2001"]
[Black "K_A_S_T_O_R"]
[Result "1-0"]
[WhiteElo "2556"]
[BlackElo "2760"]
[TimeControl "180+1"]
[EndTime "11:47:13 PDT"]
[Termination "GrigoriyM2001 won by resignation"]

1. d4 d5 2. c4 c6 3. Nf3 Nf6 4. e3 Bg4 5. Nc3 e6 6. Qb3 Qc7 7. Ne5 Bf5 8. Be2 h5 9. Bd2 Nbd7 10. f4 Nxe5 11. fxe5 Ne4 12. Nxe4 Bxe4 13. O-O Be7 14. Bd3 Bxd3 15. Qxd3 Qd7 16. e4 dxc4 17. Qxc4 O-O 18. Be3 f6 19. exf6 Bxf6 20. Rad1 Rad8 21. Qc5 e5 22. d5 cxd5 23. Rxd5 Qg4 24. Qc4 Kh7 25. h3 Qg6 26. Bxa7 Rxd5 27. exd5 e4 28. Be3 Rd8 29. b3 Be5 30. Bf4 Bxf4 31. Rxf4 Re8 32.
Qe2 e3 33. Rf3 Qe4 34. d6 Qd4 35. d7 Qxd7 36. Rxe3 Rxe3 37. Qxe3 Qd1+ 38. Kh2 Qd6+ 39. Qg3 Qc5 40. Qf3 b6 41. a4 Qb4 42. Qd3+ Kh6 43.
Qe3+ Kh7 44. Qd3+ Kh6 45. Qc4 Qd6+ 46. Kg1 Qd1+ 47. Kf2 Qd2+ 48. Qe2 Qf4+ 49. Qf3 Qd2+ 50. Kg1 Qe1+ 51. Kh2 h4 52. Qf4+ Kh7 53. Qf5+ g6 54.
Qf7+ Kh6 55. Qf4+ Kh7 56. Qc7+ Kh6 57. Qxb6 Qg3+ 58. Kh1 Qe1+ 59. Qg1 Qc3 60. Qb1 Qb4 61.
Qa1 Qxb3 62. a5 Qb8 63. a6 Qa7 64. Qa4 g5 65. Qc6+ Kh5 66. Qb7 1-0

[Event "*** Titled Tuesday Blitz"]
[Site "Chess.com"]
[Date "2021.04.06"]
[Round "9"]
[White "2Tilted"]
[Black "Nicolas_Chess10"]
[Result "1-0"]
[WhiteElo "2351"]
[BlackElo "2432"]
[TimeControl "180+1"]
[EndTime "11:47:13 PDT"]
[Termination "2Tilted won by resignation"]

1. d4 Nf6 2. c4 e6 3. Nf3 Bb4+ 4. Nbd2 O-O 5. a3 Bxd2+ 6. Qxd2 b6 7. g3 Bb7 8. Bg2 d6 9. O-O a5 10. b3 Nbd7 11. Bb2 Qe7 12. Rac1 Rad8 13. Rfd1 Ne4 14.
Qc2 f5 15. d5 e5 16. Nh4 Qf7 17. Rf1 Nec5 18. f4 e4 19. Bh3 g6 20. b4 axb4 21.
axb4 Na6 22. Qc3 Nf6 23. Ra1 h5 24. Ra2 Kh7 25. Rfa1 Ra8 26. b5 Nc5 27. Rxa8 Bxa8 28. Qxf6 Bxd5 29. cxd5 Qxf6 30. Bxf6 Rxf6 31. Ra7 Rf7 32.
Ng2 Nb3 33. Ne3 Nd4 34. Kf2 Nxb5 35. Ra1 Nc3 36. Rc1 Na4 37. Bg2 Nc5 38. h3 Kg7 39. g4 hxg4 40. hxg4 fxg4 41. Kg3 Rf8 42. Kxg4 b5 43. Rb1 Rb8 44. f5 b4 45. fxg6 Kxg6 46.
Kf4 Rf8+ 47. Kg3 Rb8 48. Nc4 b3 49. Kf4 Rf8+ 50. Ke3 Re8 51. Kd4 e3 52. Nxe3 Kg5 53. Bf3 Kf4 54. Nc4 Re6 55. Rh1 Re7 56. Rh4+ Kg3 57.
Rg4+ Kf2 58. Kc3 Re8 59. Nb2 Rb8 60. Rb4 Ke1 61. Rxb8 c6 62. Nd3+ Nxd3 63. exd3 b2 64. Rxb2 c5 65. d4 cxd4+ 66. Kxd4 1-0

[Event "*** Titled Tuesday Blitz"]
[Site "Chess.com"]
[Date "2021.04.06"]
[Round "9"]
[White "Grineva_Marianna"]
[Black "Kale36"]
[Result "0-1"]
[WhiteElo "2246"]
[BlackElo "2394"]
[TimeControl "180+1"]
[EndTime "11:47:13 PDT"]
[Termination "Kale36 won on time"]

1. e4 Nc6 2. Nf3 d6 3. h3 g6 4. d4 Bg7 5. Nc3 e5 6. Be3 Bd7 7. d5 Nce7 8. g4 Nf6 9. Qd2 O-O 10. Bh6 b5 11. a3 a5 12. Bd3 b4 13. Ne2 Rb8 14.
axb4 axb4 15. Nh4 c6 16. dxc6 Bxc6 17. Ng3 d5 18. f3 b3 19. c3 dxe4 20. Bxe4 Nxe4 21.
Nxe4 Bxe4 22. fxe4 Qb6 23. Be3 Qb5 24. Qe2 Qb7 25. Bc5 Rfe8 26. Nf3 Nc6 27. O-O Nd8 28. Ra7 Qb5 29. Qf2 Ne6 30. Be3 Nf4 31. Kh2 Qc4 32. Ng5 f6 33. Nf7 Qxe4 34. Nd6 Qc2 35. Nxe8 Rxe8 36.
Qxc2 bxc2 37. Rc1 Nd5 38. Bf2 f5 39. Rxc2 f4 40. Kg2 e4 41. Bc5 f3+ 42. Kf1 e3 43. Rd7 e2+ 44. Ke1 Bf6 45. Rxd5 Bh4+ 46. Bf2 Bxf2+ 47. Kxf2 e1=Q+ 48. Kxf3 Qe4+ 49. Kf2 Qxd5 50. c4 Qd3 51. Rc3 Rf8+ 52. Kg2 Qf1+ 53. Kh2 Rf2+ 54.
Kg3 Rg2+ 55. Kh4 Qe1+ 56. Kg5 Qe7+ 57. Kf4 Rf2+ 58. Kg3 Rf6 59. c5 Qe5+ 60. Kh4 g5+ 61. Kh5 Qf4 0-1

[Event "*** Titled Tuesday Blitz"]
[Site "Chess.com"]
[Date "2021.04.06"]
[Round "9"]
[White "Bulldog167"]
[Black "SirStrateg"]
[Result "1-0"]
[WhiteElo "2799"]
[BlackElo "2641"]
[TimeControl "180+1"]
[EndTime "11:47:14 PDT"]
[Termination "Bulldog167 won by resignation"]

1. c4 e5 2. Nc3 Nf6 3. Nf3 Nc6 4. e4 Bc5 5. Nxe5 Nxe5 6. d4 Bb4 7. dxe5 Nxe4 8. Qf3 Nxc3 9. bxc3 Bc5 10. Qg3 Kf8 11. Be3 Qe7 12. O-O-O h5 13. Bd3 h4 14. Qf3 Qxe5 15. Kc2 Bxe3 16. Rhe1 Qf4 17. Qxe3 Qxe3 18. Rxe3 d6 19. c5 Bg4 20. f3 Be6 21. Be4 dxc5 22.
Bxb7 Rb8 23. Bd5 Ke7 24. Bxe6 fxe6 25. Rd5 Rb5 26. Rde5 Rh6 27. c4 Ra5 28. Kb3 Rg6 29. Re2 Kd6 30. a4 Ra6 31. g4 hxg3 32. hxg3 Rb6+ 33.
Kc3 Rb4 34. R5e3 Rxa4 35. Kb3 Rb4+ 36. Kc3 Rxg3 37. Rxe6+ Kd7 38. Re7+ Kc6 39. Rf7 Ra4 40. Ree7 Ra3+ 41. Kd2 Raxf3 42. Rxc7+ Kd6 43. Rcd7+ Ke6 44. Rfe7+ Kf5 45. Rf7+ Ke4 46. Rfe7+ Kf4 47. Rf7+ Kg4 48. Rxg7+ Kh3 49. Rxg3+ Kxg3 50. Rxa7 Kf4 51. Rc7 Ke4 52. Rxc5 Kd4 53. Rc8 Rf2+ 54. Kc1 Rf3 55. Kb2 Rf5 56. Kb3 Rc5 57. Rd8+ Ke5 58. Kb4 Rc7 59. c5 Ke6 60. Rd1 Ke7 61. Kb5 Rd7 62. Rxd7+ Kxd7 63. Kb6 Kc8 64. Kc6 Kb8 65. Kd7 1-0

[Event "*** Titled Tuesday Blitz"]
[Site "Chess.com"]
[Date "2021.04.06"]
[Round "9"]
[White "Loy_Konstantin"]
[Black "Caterpiller35"]
[Result "1-0"]
[WhiteElo "2359"]
[BlackElo "2436"]
[TimeControl "180+1"]
[EndTime "11:47:14 PDT"]
[Termination "Loy_Konstantin won on time"]

1. e4 c5 2. Nf3 Nc6 3. Nc3 g6 4. d4 cxd4 5. Nxd4 Bg7 6. Be3 Nf6 7. Bc4 O-O 8. Bb3 Qa5 9. O-O d6 10. h3 Bd7 11. Re1 Rac8 12. Nf3 a6 13. Qd2 Ne5 14. Nxe5 Qxe5 15. Bd4 Qa5 16. Rad1 e5 17. Be3 Bc6 18. f3 Rfd8 19. Bg5 Qc5+ 20. Kh2 b5 21. Bxf6 Bxf6 22.
Nd5 Bxd5 23. Qxd5 Qxd5 24. Rxd5 Rc5 25. Red1 Rxd5 26. Rxd5 Kf8 27. a4 bxa4 28. Bxa4 Ke7 29. Ra5 Ra8 30. Bc6 Ra7 31. b4 Kd8 32. Bd5 Ke8 33.
b5 Bd8 34. Rxa6 Rxa6 35. bxa6 Bb6 36. Kg3 Ke7 37. Kg4 h5+ 38. Kg3 Be3 39. Kh2 h4 40. g3 hxg3+ 41. Kxg3 Kf6 42. Kg2 g5 43. Kf1 Ke7 44. Ke2 Bc5 45. Kd3 f6 46. Kc4 Kd7 47.
Kb5 Kc7 48. Be6 Bd4 49. Bc4 Bc5 50. Bd5 Bd4 51. Bb7 Bc5 52. Kc4 Kd7 53. Kd5 Bd4 54.
Bc6+ Ke7 55. Ba4 Bc5 56. Kc6 f5 57. Kb7 d5 58. exd5 e4 59. fxe4 fxe4 60. a7 Bxa7 61. Kxa7 Kd6 62. Kb6 Kxd5 63. Bb5 Kd4 64. Kc6 Kc3 65. Kd5 1-0